cohdb
Replays
Latest Replays
All Replays
Popular Replays
Top Player Replays
Match Explorer
How It Works
Community
CoH3 Stats
Reddit
Sign in to upload your games and track your stats! →
Sign in with Steam
Match 38463520
Unlisted
Match 38463520
Overview
Messages
Build Orders
End
Panzergrenadier Squad
250 Light Carrier
Selects Italian Infantry
Panzergrenadier Squad
Construct Light Support Kompanie
Selects Defensive Operations
Assault Grenadier Squad
250 Light Carrier
Combat Half-tracks
Selects Guastatori Squad
Selects L6/40 Light Tank Combat Group
L6/40 Light Tank Combat Group
Fire Support Elements
2.5-tonne Medical Truck
Vehicle Survival Package
Construct Panzerarmee Kommand
Selects Prepared Positions
Panzer III L Medium Tank
Panzer III L Medium Tank
Tungsten Core Ammunition
Selects Obice 305mm Barrage
Emergency Repair Kits
Obice 305mm Barrage
Scrumptious
Vinterkorge
Nu_Ohm
BigTiddyLebron
0
0
Comments
sign in to comment!
No comments posted yet!